Map: Acropolis LE

Players

IIIIIIIIIIII (Firefly) - Winner!

  • Race: Protoss Protoss
  • League: Master
  • Spawn Location: 11:00

NORTHAMERICA

  • Race: Protoss Protoss
  • League: Grandmaster
  • Spawn Location: 5:00

VOD

Have the link to the VOD?

Description

Time

  • Played on: Oct. 16, 2019, 1:43 a.m.
  • Length: 12:05
Show
View Real Time Build Order
Export as new Build Order

IIIIIIIIIIII Protoss - Winner!

Build Orders: Phoenix Opening, Zealot Archon, Colossus Rush 

Get SALT Encoding   

  12  0:01  Probe  
  13  0:13  Probe  
  14  0:18  Pylon  
  14  0:25  Probe (Chrono Boost)  
  15  0:37  Probe (Chrono Boost)  
  15  0:38  Gateway  
  16  0:45  Probe (Chrono Boost)  
  17  0:50  Assimilator  
  17  0:51  Probe  
  17  0:55  Assimilator  
  18  1:03  Probe  
  19  1:07  Gateway  
  19  1:15  Probe  
  20  1:27  Cybernetics Core  
  20  1:28  Probe (Chrono Boost)  
  21  1:34  Pylon  
  21  1:39  Probe (Chrono Boost)  
  22  1:44  Probe (Chrono Boost)  
  24  1:54  Probe  
  24  2:04  Warp Gate, Stalker  
  28  2:11  Stalker  
  28  2:16  Pylon  
  28  2:33  Stalker  
  30  2:41  Stalker  
  32  2:50  Nexus  
  32  3:00  Probe  
  33  3:09  Sentry  
  33  3:11  Sentry  
  37  3:13  Probe  
  37  3:14  Pylon  
  38  3:25  Probe  
  39  3:27  Twilight Council  
  39  3:37  Probe  
  40  3:48  Pylon  
  40  3:49  Probe (Chrono Boost)  
  40  3:51  Phoenix  
  40  3:53  Stalker x2  
  45  3:56  Colossus  
  45  3:59  Probe (Chrono Boost)  
  44  4:04  Probe (Chrono Boost)  
  44  4:07  Blink (Chrono Boost)  
  44  4:09  Probe (Chrono Boost)  
  46  4:16  Probe (Chrono Boost)  
  47  4:21  Probe (Chrono Boost)  
  48  4:27  Probe (Chrono Boost), Stalker  
  48  4:30  Probe (Chrono Boost)  
  52  4:32  Probe (Chrono Boost)  
  52  4:35  Probe  
  52  4:37  Stalker  
  56  4:42  Probe  
  57  4:46  Forge  
  57  4:52  Probe  
  58  4:54  Probe  
  58  4:57  Stalker  
  61  5:01  Pylon  
  61  5:04  Stalker  
  63  5:15  Protoss Ground Weapons Level 1 (Chrono Boost)  
  63  5:17  Nexus  
  63  5:22  Pylon  
  63  5:23  Probe x2  
  65  5:29  Assimilator  
  65  5:31  Assimilator  
  65  5:35  Probe x2  
  67  5:41  Gateway  
  67  5:42  Gateway  
  67  5:45  Phoenix  
  67  5:47  Probe x2  
  69  5:50  Templar Archives  
  69  5:55  Charge (Chrono Boost)  
  69  6:02  Phoenix  
  69  6:03  Robotics Facility  
  69  6:15  Pylon  
  69  6:17  Gateway x2  
  69  6:20  Gateway  
  69  6:21  Gateway  
  69  6:33  Probe x3  
  72  6:40  High Templar x2  
  72  6:41  Zealot x2  
  72  6:45  Probe x2  
  82  6:52  Observer, Probe  
  82  6:54  Archon  
  84  6:56  Shield Battery  
  84  6:57  Shield Battery, Probe  
  84  6:59  Probe  
  84  7:01  Pylon  
  86  7:02  Pylon  
  86  7:04  Probe  
  86  7:07  High Templar x2  
  91  7:09  Probe  
  91  7:12  Probe  
  91  7:13  Zealot, Archon  
  91  7:14  Zealot x3  
  101  7:17  Probe  
  102  7:23  Probe  
  102  7:24  Pylon  
  102  7:26  Pylon, High Templar  
  102  7:27  Protoss Ground Weapons Level 2 (Chrono Boost)  
  105  7:32  Zealot  
  107  7:37  Zealot  
  107  7:44  Zealot x4  
  113  7:47  Probe x3  
  113  7:49  High Templar  
  122  7:56  Phoenix, Assimilator  
  122  7:57  Pylon, Assimilator  
  122  8:07  Warp Prism (Chrono Boost)  
  122  8:11  Nexus  
  124  8:13  Archon  
  124  8:15  Zealot, High Templar x2  
  124  8:18  Pylon  
  124  8:19  Pylon  
  130  8:21  Archon  
  130  8:27  Pylon  
  130  8:30  Zealot x3  
  136  8:40  Robotics Facility  
  136  8:45  Robotics Bay  
  136  8:56  Observer  
  137  9:03  Probe x3  
  137  9:04  Shield Battery  
  137  9:06  Shield Battery  
  137  9:07  Photon Cannon x2  
  137  9:09  Photon Cannon x2  
  140  9:12  High Templar  
  140  9:13  High Templar  
  140  9:14  Zealot x4  
  152  9:17  Archon  
  152  9:25  Probe x2  
  152  9:26  Probe x2  
  152  9:29  Assimilator  
  156  9:32  Disruptor x2 (Chrono Boost)  
  156  9:33  Assimilator  
  162  9:41  Probe x2  
  162  9:42  Probe  
  165  9:45  Shield Battery  
  165  9:48  Probe  
  164  9:53  Probe  
  164  9:54  Zealot x3, High Templar x4  
  164  9:55  Zealot  
  164  9:59  Disruptor (Chrono Boost), Archon  
  181  10:00  Archon  
  181  10:04  Warp Prism (Chrono Boost)  
  186  10:17  Zealot  
  186  10:20  Pylon  
  188  10:22  Pylon  
  188  10:23  Pylon  
  188  10:25  Photon Cannon  
  186  10:33  Pylon  
  186  10:46  Disruptor x2  
  186  10:49  Photon Cannon  
  188  11:04  High Templar x3  
  188  11:05  High Templar x3  
  188  11:09  Zealot  
  188  11:11  Archon x3  
  198  11:16  Nexus  
  190  11:19  Pylon  
  190  11:25  Gateway, Disruptor, Pylon  
  190  11:26  Gateway  
  190  11:27  Gateway  
  190  11:31  Gateway  
  190  11:32  High Templar x2  
  195  11:37  Archon  
  189  11:52  Zealot x6  
  176  12:04  Zealot x2  
Show
View Real Time Build Order
Export as new Build Order

NORTHAMERICA Protoss 

Build Orders: Phoenix Opening, Archon Immortal 

Get SALT Encoding   

  12  0:01  Probe  
  13  0:13  Probe  
  14  0:18  Pylon  
  14  0:25  Probe  
  15  0:37  Probe (Chrono Boost)  
  15  0:38  Gateway  
  16  0:48  Probe (Chrono Boost), Assimilator  
  17  0:53  Probe (Chrono Boost)  
  17  0:56  Assimilator  
  18  1:03  Probe (Chrono Boost)  
  19  1:12  Probe (Chrono Boost)  
  19  1:13  Gateway  
  19  1:17  Probe (Chrono Boost)  
  21  1:26  Cybernetics Core  
  21  1:31  Probe  
  22  1:37  Pylon  
  22  1:43  Probe  
  24  2:02  Stalker x2  
  27  2:11  Stargate  
  27  2:20  Warp Gate  
  27  2:23  Probe  
  27  2:24  Pylon  
  28  2:43  Adept x2  
  32  2:54  Phoenix (Chrono Boost)  
  34  3:10  Nexus  
  34  3:19  Phoenix (Chrono Boost)  
  36  3:26  Probe  
  37  3:30  Pylon  
  37  3:38  Probe  
  38  3:48  Phoenix  
  40  3:50  Probe  
  41  4:02  Probe  
  38  4:04  Robotics Facility  
  38  4:06  Shield Battery  
  38  4:11  Sentry  
  38  4:14  Shield Battery  
  41  4:17  Probe (Chrono Boost)  
  41  4:22  Probe (Chrono Boost)  
  42  4:29  Probe (Chrono Boost)  
  42  4:30  Stalker  
  45  4:34  Probe (Chrono Boost)  
  45  4:37  Probe (Chrono Boost)  
  47  4:40  Probe (Chrono Boost)  
  48  4:47  Forge, Probe  
  48  4:49  Sentry  
  48  4:52  Probe  
  52  4:59  Probe  
  53  5:01  Observer  
  53  5:04  Probe  
  55  5:07  Pylon  
  55  5:11  Probe  
  56  5:16  Assimilator, Protoss Ground Weapons Level 1 (Chrono Boost)  
  56  5:17  Probe  
  56  5:18  Assimilator  
  56  5:19  Immortal (Chrono Boost)  
  57  5:24  Probe  
  62  5:30  Probe  
  63  5:36  Probe  
  63  5:39  Twilight Council  
  64  5:47  Nexus  
  64  5:50  Pylon  
  64  5:54  Probe x2  
  66  6:03  Immortal  
  70  6:09  Probe x2  
  70  6:11  Assimilator  
  72  6:12  Shield Battery  
  72  6:17  Charge  
  72  6:19  Pylon  
  72  6:21  Probe x2  
  74  6:33  Probe x2  
  76  6:40  Gateway x2  
  76  6:41  Templar Archives  
  76  6:45  Probe  
  77  6:49  Gateway x2  
  77  6:58  Gateway, Protoss Ground Weapons Level 2 (Chrono Boost)  
  77  7:00  Gateway  
  77  7:06  Probe  
  78  7:10  Probe x2  
  80  7:18  Probe  
  80  7:20  Pylon  
  80  7:22  Probe, Pylon, High Templar x2  
  85  7:25  Probe  
  85  7:27  Archon  
  86  7:31  Assimilator  
  86  7:32  Probe  
  86  7:33  Assimilator  
  86  7:36  Pylon  
  87  7:37  Photon Cannon  
  87  7:40  Immortal  
  87  7:41  Probe  
  87  7:42  Probe  
  93  7:44  Probe  
  93  7:47  Pylon  
  94  7:55  Zealot x3  
  94  7:56  Zealot  
  94  7:58  High Templar x2  
  104  8:00  Probe  
  104  8:02  Archon  
  107  8:08  Probe  
  107  8:12  Probe  
  110  8:13  Pylon  
  110  8:14  Zealot x2  
  110  8:19  Probe  
  114  8:22  Pylon  
  114  8:24  Immortal  
  114  8:26  High Templar x2  
  122  8:35  Archon  
  122  8:39  Stalker  
  122  8:40  Zealot x2  
  122  8:41  Zealot x3  
  130  8:43  Probe  
  130  8:44  Pylon  
  133  8:52  Shield Battery  
  133  8:53  Protoss Ground Weapons Level 3 (Chrono Boost)  
  133  8:55  Immortal  
  131  9:00  High Templar x2  
  135  9:03  Pylon  
  135  9:04  Zealot, Archon  
  135  9:05  Zealot x3  
  147  9:24  High Templar x2  
  147  9:25  Zealot x2  
  147  9:26  Zealot  
  147  9:29  Archon  
  147  9:30  Pylon  
  147  9:31  Pylon  
  157  9:33  Pylon  
  157  9:39  Robotics Bay  
  157  9:45  Warp Prism (Chrono Boost)  
  157  9:48  Probe  
  158  9:57  High Templar x2  
  162  10:01  Nexus  
  162  10:02  Robotics Facility  
  162  10:03  Pylon  
  162  10:04  Pylon  
  162  10:10  Archon  
  162  10:17  Zealot x4  
  170  10:27  Photon Cannon  
  170  10:28  Photon Cannon, Disruptor (Chrono Boost)  
  170  10:30  Photon Cannon  
  170  10:31  Shield Battery  
  170  10:34  Shield Battery  
  169  10:36  High Templar x2  
  169  10:37  Pylon  
  169  10:41  Archon  
  173  10:47  Zealot  
  173  10:48  Zealot x5  
  183  11:04  Disruptor (Chrono Boost)  
  155  11:10  Zealot x4  
  155  11:11  Zealot x4  
  169  11:16  Disruptor (Chrono Boost)  
  168  11:36  Photon Cannon  
  168  11:38  Photon Cannon  
  168  11:41  Shield Battery  
  163  11:51  Zealot x4  
  163  11:52  Zealot x3  
Tags
 
Add a new tag
Caveats
  • Supply blocks, unpowered buildings, or Contaminate may cause inaccurate times.
  • Supply counts are checked every 10 seconds.